 Dungeon Crawl Stone Soup version 0.29.1-15-g9cfb28693d (webtiles) character file.

Game seed: 6196099156243560174

1004 zeram the Shooter (level 8, 0/62 HPs)
             Began as a Hill Orc Hunter on Mar 18, 2023.
             Slain by an ogre
             ... wielding a +0 giant spiked club
              (21 damage)
             ... on level 4 of the Dungeon.
             The game lasted 00:09:37 (5875 turns).

zeram the Shooter (Hill Orc Hunter)                 Turns: 5875, Time: 00:09:38

Health: 0/62       AC:  8    Str: 10    XL:     8   Next: 20%
Magic:  8/8        EV: 12    Int: 11    God:
Gold:   160        SH:  0    Dex: 12    Spells: 7/7 levels left

rFire   . . .      SeeInvis .   i - +8 mace "Onil" {vorpal, rC+++ rCorr Str-4 Dex-2}
rCold   + + +      Faith    .   (no shield)
rNeg    . . .      Spirit   .   c - +0 leather armour
rPois   .          Reflect  .   (no helmet)
rElec   .          Harm     .   j - +0 cloak
rCorr   +          Rampage  .   (no gloves)
Will    .....                   (no boots)
Stlth   +.........              w - amulet of the acrobat
HPRegen 0.20/turn               f - +4 ring of protection
MPRegen 0.11/turn               d - ring of wizardry

@: no status effects
A: no striking features
a: no special abilities


You were on level 4 of the Dungeon.
You visited 1 branch of the dungeon, and saw 6 of its levels.
You also visited: Sewer.

You collected 160 gold pieces.

Inventory:

Hand Weapons
 a - a +0 shortbow
 i - the +8 mace "Onil" (weapon) {vorpal, rC+++ rCorr Str-4 Dex-2}
   (You found it on level 2 of the Dungeon)

   It inflicts extra damage upon your enemies.
   Str:       It affects your strength (-4).
   Dex:       It affects your dexterity (-2).
   rC:        It renders you almost immune to cold.
   rCorr:     It protects you from acid and corrosion.
Armour
 c - a +0 leather armour (worn)
 j - a +0 cloak (worn)
Jewellery
 d - a ring of wizardry (right hand)
 f - a +4 ring of protection (left hand)
 w - an amulet of the acrobat (around neck)
Wands
 m - a wand of flame (18)
Scrolls
 b - 2 scrolls of immolation
 g - 3 scrolls of teleportation
 h - a scroll of fear
 r - a scroll of summoning
 v - a scroll of fog {unknown}
Potions
 k - a potion of heal wounds {unknown}
 l - a potion of curing
 n - 2 potions of might {unknown}
 o - a potion of haste {unknown}
 p - 2 potions of mutation
 q - 2 potions of degeneration
 s - a potion of cancellation
 t - a potion of brilliance {unknown}
 u - a potion of magic {unknown}


   Skills:
 - Level 2.4 Fighting
 + Level 5.1 Maces & Flails
 + Level 6.3 Ranged Weapons
 + Level 3.6 Armour
 + Level 3.4 Dodging
 - Level 0.7 Stealth
 + Level 1.0 Evocations


You had 7 spell levels left.
You didn't know any spells.
Your spell library contained the following spells:

 Spells                   Type           Power      Damage    Failure   Level
 Blink                    Tloc           0%         N/A       26%         2
 Lesser Beckoning         Tloc           0%         N/A       45%         3
 Manifold Assault         Tloc           0%         N/A       99%         5


Dungeon Overview and Level Annotations

Branches:
Dungeon (6/15)             Temple (0/1) D:4           Sewer (visited)

Altars:
Kikubaaqudgha

Annotations:
D:5 Duvessa


Message History

Duvessa hits you with a +0 short sword. Dowan hits you but does no damage.
You closely miss Dowan.
Dowan is almost dead.
Duvessa hits you with a +0 short sword. Dowan hits you but does no damage.
You sock Dowan!
You kill Dowan!
Duvessa weeps, and shakes her weapon.
Duvessa goes berserk!
Duvessa hits you with a +0 short sword. Duvessa hits you with a +0 short sword!
Your Maces & Flails skill increases to level 5!
You hit Duvessa.
Duvessa is lightly wounded.
Duvessa completely misses you. Duvessa hits you with a +0 short sword!
A worm comes into view.
You closely miss Duvessa.
Duvessa is lightly wounded.
Duvessa closely misses you. x2
You hit Duvessa.
Duvessa is lightly wounded.
Duvessa barely misses you.
You closely miss Duvessa.
Duvessa is lightly wounded.
Duvessa closely misses you. Duvessa hits you with a +0 short sword!
* * * LOW HITPOINT WARNING * * *
You hit Duvessa.
Duvessa is lightly wounded.
Duvessa misses you.
Blink to where?
Press: ? - help, Dir - move target
As you read the scroll of blinking, it crumbles to dust.
The hound barks!
Duvessa rages.
You are no longer glowing.
Blink to where?
Press: ? - help, Dir - move target
As you read the scroll of blinking, it crumbles to dust.
There is a stone staircase leading up here.
You climb upwards.
The ogre hits you with a +0 giant spiked club!!
You die...

..###.#.<..............#
..###.#.........#...#.##
..#...........####....#
..............# #....#
.##...........## #.#..#
.#.............# #..#.##
.###.........######...[########
..#.............###............
#...............@..............
.....#.......##O...#..##.......
.#.....#.....##...##...#....)..
.#...........###...#..#........
..............##...............
#.....#..##....................
#.....##..###.##..##...#####.##
..#รท#..##..######.#....# #
.##.##..##.# #.......#


You could see an ogre.

Vanquished Creatures
  Grinder (D:3)
  An ogre (D:5)
  A kobold brigand (Sewer)
  2 necrophages
  2 scorpions
  Dowan (D:5)
  2 hounds
  An iguana (D:5)
  Jessica (D:2)
  Terence (D:2)
  Natasha (twice) (D:2)
  4 adders
  A gnoll (D:1)
  3 river rats (Sewer)
  A white imp (D:4)
  2 dart slugs
  3 orcs
  4 endoplasms
  6 giant cockroaches
  6 hobgoblins
  8 jackals
  4 quokkas (D:4)
  17 ball pythons
  4 bats
  4 frilled lizards
  16 kobolds
  30 rats
128 creatures vanquished.

Notes
Turn   | Place    | Note
-------+----------+-------------------------------------------
     0 | D:1      | zeram the Hill Orc Hunter began the quest for the Orb.
     0 | D:1      | Reached XP level 1. HP: 18/18 MP: 1/1
   350 | D:1      | Reached skill level 4 in Ranged Weapons
   350 | D:1      | Reached XP level 2. HP: 18/25 MP: 2/2
   651 | D:1      | Reached XP level 3. HP: 30/30 MP: 3/3
  1334 | D:2      | Identified the +8 mace "Onil" {vorpal, rC+++ rCorr Str-4
                  | Dex-2}
  1615 | D:2      | Noticed Jessica
  1623 | D:2      | Killed Jessica
  1624 | D:2      | Reached skill level 1 in Armour
  1624 | D:2      | Reached XP level 4. HP: 37/37 MP: 4/4
  1720 | D:2      | Identified the +8 sling of Simang {venom, Will+ Stlth+}
  1765 | D:2      | Found a faded altar of an unknown god.
  1865 | D:3      | Noticed Natasha
  1877 | D:2      | Killed Natasha
  1878 | D:2      | Reached skill level 5 in Ranged Weapons
  1913 | D:2      | Noticed Natasha
  1921 | D:2      | Killed Natasha
  1922 | D:2      | Reached XP level 5. HP: 6/42 MP: 5/5
  2265 | D:3      | Noticed Grinder
  2269 | D:3      | Paralysed by Grinder for 4 turns
  2270 | D:3      | Noticed Terence
  2275 | D:3      | Paralysed by Grinder for 2 turns
  2529 | D:2      | Killed Terence
  2658 | D:3      | Paralysed by Grinder for 2 turns
  2660 | D:3      | Killed Grinder
  2661 | D:3      | Reached skill level 6 in Ranged Weapons
  2661 | D:3      | Reached XP level 6. HP: 20/50 MP: 6/6
  3336 | D:4      | Found a glowing drain.
  3352 | D:4      | Reached skill level 1 in Maces & Flails
  3359 | Sewer    | Entered a sewer
  3876 | Sewer    | Reached XP level 7. HP: 15/56 MP: 7/7
  4652 | D:4      | Found a staircase to the Ecumenical Temple.
  4694 | D:4      | Found an ancient bone altar of Kikubaaqudgha.
  5068 | D:4      | HP: 1/56 [ogre/+0 giant spiked club (21)]
  5073 | D:5      | Entered Level 5 of the Dungeon
  5615 | D:5      | Reached XP level 8. HP: 52/62 MP: 8/8
  5628 | D:5      | Reached skill level 1 in Evocations
  5844 | D:5      | Noticed Dowan
  5844 | D:5      | Noticed Duvessa
  5852 | D:5      | Killed Dowan
  5853 | D:5      | Reached skill level 5 in Maces & Flails
  5875 | D:4      | Slain by an ogre

Illustrated notes

Levels and vault maps discovered:
D:1:      dpeg_arrival_round_a, layout_basic
D:2:      layout_basic, basic_ecumenical_altar, uniq_jessica
D:3:      layout_rooms, uniq_grinder, uniq_natasha, uniq_terence
D:4:      layout_cave_pools, nicolae_kikubaaqudgha_miasma_corner,
          minmay_temple_entry_waves, portal_sewer_entry_f,
          nicolae_shop_i_like_big_books, chequers_serial_rivers_micro_a,
          kennysheep_nondescript
D:5:      layout_cave_pools, lemuel_round_altar, minitemple,
          nrook_pool_corridor, uniq_duvessa
D:6:      layout_rooms, mainiacjoe_overflow_surrounded_room

Skill      XL: |  1  2  3  4  5  6  7  8 |
---------------+-------------------------+-----
Ranged Weapons | 4 5 6 |  6.3
Armour         | 1 2 3 |  3.6
Dodging        | 2 3 |  3.4
Maces & Flails | 2 4 5 |  5.1
Evocations     | 1 |  1.0
Fighting       | |  2.4
Stealth        | |  0.7

Action                   |  1- 3 |  4- 6 |  7- 9 || total
-------------------------+-------+-------+-------++-------
Melee: Mace              |       |   116 |    89 ||   205
       Punch             |       |     1 |     1 ||     2
 Fire: Shortbow          |    77 |    43 |       ||   120
Evoke: Wand              |       |     3 |     3 ||     6
  Use: Scroll            |     2 |     8 |     5 ||    15
       Potion            |       |     1 |     1 ||     2
 Stab: Sleeping          |       |       |     1 ||     1
Armor: Leather armour    |     4 |    58 |    26 ||    88
       Skin              |       |    87 |       ||    87
Dodge: Dodged            |    12 |   123 |    69 ||   204
